AoeStats
← xXLucaComXx

MegaRandom

507111903Analyzed
4v4 RM · 16d ago on Sep 16, 2026· 36m 48s· 8 players
Game mode
Random Map
Map size
Large (8 player)
Population
200
Speed
Normal
Resources
Standard
Victory
Conquest
Starting age
Dark Age
Ending age
Imperial Age
RankedLock teamsTeams togetherTeam positionsShared explorationLock speedFull tech treeHidden civsTurbo modeCheats
Victory
Defeat
🇩🇪 Mongols · Germany
1134
+13
🇩🇪 Lithuanians · Germany
1116
+14
🇩🇪 Franks · Germany
1104
+14
🇩🇪 Aztecs · Germany
1097
+15
🇺🇸 Berbers · United States
1099
-15
🇺🇸 Khmer · United States
1077
-14
🇫🇷 Cumans · France
1060
-14
🇬🇧 Celts · United Kingdom
1050
-13
Donald Trump
5:24 Loom
10:08 Feudal Age
10:47 Horse Collar
13:27 Double-Bit Axe
16:30 Wheelbarrow
15:45 Town Watch
23:19 Castle Age
24:19 Fletching
25:02 Bodkin Arrow
26:27 Elite Skirmisher
27:50 Padded Archer Armor
27:53 Pikeman
31:04 Leather Archer Armor
Infekma
12:03 Feudal Age
13:05 Double-Bit Axe
13:01 Horse Collar
13:36 Loom
16:07 Castle Age
15:52 Wheelbarrow
17:40 Bow Saw
19:13 Hand Cart
19:48 Pikeman
21:07 Heavy Plow
24:59 Forging
25:00 Town Watch
27:27 Scale Mail Armor
31:36 Town Patrol
32:24 Chain Mail Armor
32:46 Iron Casting
36:32 Imperial Age
34:09 Gambesons
ItsameVolleyo
1:59 Loom
11:35 Feudal Age
19:24 Castle Age
18:00 Double-Bit Axe
17:57 Horse Collar
19:18 Gold Mining
20:52 Bow Saw
25:06 Heavy Plow
28:00 Stone Mining
28:33 Ballistics
30:37 Bloodlines
31:08 Padded Archer Armor
36:47 Imperial Age
MFN Dragon
4:17 Loom
6:20 Loom
11:13 Feudal Age
16:59 Forging
18:15 Scale Barding Armor
28:26 Castle Age
xXLucaComXx
8:41 Loom
10:45 Feudal Age
16:01 Castle Age
14:15 Double-Bit Axe
14:47 Horse Collar
17:38 Bow Saw
18:07 Wheelbarrow
18:22 Fletching
18:52 Gold Mining
20:07 Padded Archer Armor
22:22 Hand Cart
22:51 Town Watch
26:14 Thumb Ring
27:37 Bodkin Arrow
38:02 Imperial Age
36:08 Leather Archer Armor
36:32 Stone Mining
37:17 Gold Shaft Mining
37:20 Ballistics
rickert.junge
10:12 Feudal Age
12:08 Forging
12:04 Scale Barding Armor
11:50 Double-Bit Axe
11:59 Loom
21:12 Castle Age
22:12 Bow Saw
23:01 Iron Casting
22:55 Chain Barding Armor
22:56 Gold Mining
28:23 Wheelbarrow
30:25 Hand Cart
Magicarp5000
8:17 Loom
11:52 Feudal Age
13:04 Double-Bit Axe
13:04 Horse Collar
18:56 Castle Age
18:18 Scale Mail Armor
19:10 Forging
20:45 Heavy Plow
20:57 Bow Saw
22:23 Iron Casting
21:45 Eagle Warrior
23:39 Squires
23:25 Arson
24:41 Chain Mail Armor
24:32 Stone Mining
24:34 Gold Mining
27:12 Gold Shaft Mining
29:43 Fletching
30:59 Bodkin Arrow
36:05 Imperial Age
36:20 Elite Eagle Warrior
38:18 Blast Furnace
37:49 Plate Mail Armor
Lankos
7:07 Loom
9:09 Feudal Age
11:15 Double-Bit Axe
11:12 Horse Collar
17:33 Wheelbarrow
20:42 Castle Age
19:20 Scale Barding Armor
19:46 Bloodlines
21:11 Gold Mining
21:45 Forging
21:58 Chain Barding Armor
22:35 Husbandry
25:30 Bow Saw
27:27 Iron Casting
38:13 Imperial Age
Connection lost

Rejoining the realm…

Still unreachable

The connection could not be restored.

Session expired

The server has moved on; the page needs a fresh start.